 Dungeon Crawl Stone Soup version 0.24.0-37-gcf1ca852f1 (webtiles) character file.

Game seed: 2994499031630261690, levelgen mode: deterministic

2682 FishyPogo the Magician (level 9, -5/66 HPs)
             Began as a Gnoll Fire Elementalist on Nov 22, 2019.
             Was a Priest of Makhleb.
             Killed from afar by Joseph (9 damage)
             ... with a bolt of acid
             ... on level 7 of the Dungeon.
             The game lasted 00:29:16 (5131 turns).

FishyPogo the Magician (Gnoll Fire Elementalist)    Turns: 5131, Time: 00:29:16

Health: -5/66      AC:  0    Str: 10    XL:     9   Next: 64%
Magic:  4/19       EV: 16    Int: 20    God:    Makhleb [***...]
Gold:   295        SH:  5    Dex: 17    Spells: 8/21 levels left

rFire    + + .     SeeInvis .   F - +7 short sword "Xeosheuts" {pierce, rF++}
rCold    + . .     Gourm    .   u - +0 buckler
rNeg     . . .     Faith    .   s - +0 robe {rC+}
rPois    .         Spirit   .   (no helmet)
rElec    .         Reflect  .   (no cloak)
rCorr    +         Harm     .   g - +0 pair of gloves
MR       .....                  (no boots)
Stlth    ++........             (no amulet)
HPRegen  0.21/turn              j - ring of resist corrosion
MPRegen  0.16/turn              h - ring of attention (curse)

@: corroded, hasted, very quick
A: distributed training, fangs 1, strong nose
a: Minor Destruction, Lesser Servant of Makhleb, Renounce Religion


You were on level 7 of the Dungeon.
You worshipped Makhleb.
Makhleb was most pleased with you.
You were not hungry.

You visited 1 branch of the dungeon, and saw 7 of its levels.

You collected 295 gold pieces.

Inventory:

Hand Weapons
 f - a +0 short sword
 F - the +7 short sword "Xeosheuts" (weapon) {pierce, rF++}
   (You found it on level 5 of the Dungeon)

   It inflicts extra damage upon your enemies.
   It greatly protects you from fire.
Missiles
 l - 140 stones (quivered)
 w - 5 javelins
 G - 7 boomerangs
Armour
 g - a +0 pair of gloves (worn)
 s - a +0 robe of cold resistance (worn)
 u - a +0 buckler (worn)
Jewellery
 h - a cursed ring of attention (right hand)
 j - a ring of resist corrosion (left hand)
 n - an uncursed ring of positive energy
 r - an uncursed ring of flight
Wands
 t - a wand of polymorph (6)
 y - a wand of digging (7)
Scrolls
 a - a scroll of noise
 b - 3 scrolls of enchant armour {unknown}
 d - 3 scrolls of teleportation {unknown}
 e - a scroll of identify
 i - a scroll of magic mapping {unknown}
 k - 5 scrolls of remove curse {unknown}
 m - a scroll of blinking {unknown}
 v - 3 scrolls of immolation {unknown}
 A - 2 scrolls of fear {unknown}
 C - 2 scrolls of amnesia
 J - a scroll of fog {unknown}
Potions
 p - 2 potions of resistance
 q - 2 potions of mutation
 B - a potion of flight
 E - a potion of brilliance
 I - a potion of cancellation
Comestibles
 c - 14 rations
 o - 6 chunks of flesh


   Skills:
 + Level 4.3 Fighting
 + Level 4.3 Short Blades
 + Level 4.3 Long Blades
 + Level 4.3 Axes
 + Level 4.3 Maces & Flails
 + Level 4.3 Polearms
 + Level 4.3 Staves
 + Level 4.3 Slings
 + Level 4.3 Bows
 + Level 4.3 Crossbows
 + Level 4.3 Throwing
 + Level 4.3 Armour
 + Level 6.4 Dodging
 + Level 6.1 Stealth
 + Level 4.3 Shields
 + Level 4.3 Unarmed Combat
 + Level 6.7 Spellcasting
 + Level 4.2 Conjurations
 + Level 3.6 Hexes
 + Level 3.6 Charms
 + Level 3.6 Summonings
 + Level 3.6 Necromancy
 + Level 3.6 Translocations
 + Level 3.6 Transmutations
 + Level 6.6 Fire Magic
 + Level 3.6 Ice Magic
 + Level 3.6 Air Magic
 + Level 3.6 Earth Magic
 + Level 3.6 Poison Magic
 + Level 4.8 Invocations
 + Level 4.3 Evocations


You had 8 spell levels left.
You knew the following spells:

 Your Spells              Type           Power        Failure   Level  Hunger
a - Flame Tongue          Conj/Fire      ####.        1%          1    None
b - Throw Flame           Conj/Fire      ####..       1%          2    None
j - Conjure Flame         Conj/Fire      ####....     3%          3    #......
k - Inner Flame           Hex/Fire       ####....     3%          3    #......
p - Sticky Flame          Conj/Fire      ####....     11%         4    ###....

Your spell library contained the following spells:

 Spells                   Type           Power        Failure   Level  Hunger
 Fireball                 Conj/Fire      ####......   28%         5    #####..


Dungeon Overview and Level Annotations

Branches:
Dungeon (7/15)             Temple (0/1) D:5

Altars:
Cheibriados
Fedhas
Gozag
Hepliaklqana
Makhleb
Okawaru
Ru
Xom
Yredelemnul
Zin
The Shining One

Annotations:
D:7 Joseph


Innate Abilities, Weirdness & Mutations

Your experience applies equally to all skills.
You have very sharp teeth.
Your uncanny sense of smell can sniff out nearby items.


Message History

* * * LOW HITPOINT WARNING * * *
It was a potion of haste.
You feel yourself speed up. Joseph barely misses you.
Your ynoxinul hits Joseph but does no damage.
You puncture Joseph!
Joseph is lightly wounded.
Joseph zaps a wand.
The bolt of acid hits you! You resist.
* * * LOW HITPOINT WARNING * * *
The acid corrodes you!
You are splashed with acid.
You resist.
* * * LOW HITPOINT WARNING * * *
Your ynoxinul completely misses Joseph.
Okay, then.
Press: ? - help, v - describe, . - travel The floor.
You feel yourself speed up.
Joseph says, "You will never get the ORB, sorry."
Your ynoxinul gestures.
Found a potion of degeneration.
Your ufetubus barely misses Joseph. x2; Joseph zaps a wand.
The bolt of acid hits you! You resist.
You die...

##.#.#.#.....#
....#.#.......
...!.........
........).#.#
........#.####
####.##........#
#......5@......#
.#.....#......#
#....<#.@....#
.[.....3########
.........
...##.#5## ..
..... . ###...
... #....


You could see Joseph and a friendly ufetubus.

Vanquished Creatures
  Prince Ribbit (D:6)
  A hornet (D:7)
  Grinder (D:4)
  Sigmund (D:3)
  Menkaure (D:5)
  2 orc warriors (D:6)
  3 ogres
  A bullfrog (D:4)
  4 scorpions
  A water moccasin skeleton (D:6)
  A killer bee (D:5)
  3 crimson imps
  4 hounds
  5 orc wizards
  5 orc priests
  A centaur skeleton (D:6)
  A jelly (D:6)
  3 iguanas
  3 worker ants (D:5)
  A worker ant zombie (D:4)
  4 gnolls (D:4)
  13 adders
  2 oozes
  2 adder skeletons
  6 worms
  6 dart slugs
  4 leopard geckos
  27 orcs
  3 ball pythons
  7 giant cockroaches
  11 goblins
  7 hobgoblins
  6 jackals
  7 bats
  3 frilled lizards
  10 kobolds
  5 rats
  3 butterflies (D:5)
169 creatures vanquished.

Notes
Turn   | Place    | Note
-------+----------+-------------------------------------------
     0 | D:1      | FishyPogo the Gnoll Fire Elementalist began the quest for
                  | the Orb.
     0 | D:1      | Reached XP level 1. HP: 13/13 MP: 6/6
   147 | D:1      | Reached XP level 2. HP: 19/19 MP: 5/7
   160 | D:1      | Learned a level 2 spell: Throw Flame
   416 | D:1      | Reached XP level 3. HP: 24/25 MP: 5/9
   521 | D:1      | Reached skill level 5 in Spellcasting
   804 | D:2      | Reached skill level 1 in Invocations
   842 | D:2      | Learned a level 3 spell: Conjure Flame
   935 | D:2      | Reached skill level 1 in Fighting
   935 | D:2      | Reached skill level 1 in Short Blades
   935 | D:2      | Reached skill level 1 in Long Blades
   935 | D:2      | Reached skill level 1 in Axes
   935 | D:2      | Reached skill level 1 in Maces & Flails
   935 | D:2      | Reached skill level 1 in Polearms
   935 | D:2      | Reached skill level 1 in Staves
   935 | D:2      | Reached skill level 1 in Slings
   935 | D:2      | Reached skill level 1 in Bows
   935 | D:2      | Reached skill level 1 in Crossbows
   935 | D:2      | Reached skill level 1 in Throwing
   935 | D:2      | Reached skill level 1 in Armour
   935 | D:2      | Reached skill level 1 in Shields
   935 | D:2      | Reached skill level 1 in Unarmed Combat
   935 | D:2      | Reached skill level 1 in Evocations
   963 | D:2      | Reached XP level 4. HP: 32/32 MP: 3/11
  1063 | D:2      | Found a burning altar of Makhleb.
  1067 | D:2      | Found a glowing silver altar of Zin.
  1067 | D:2      | Noticed an Executioner
  1067 | D:2      | Noticed an angel
  1070 | D:2      | Became a worshipper of Makhleb the Destroyer
  1249 | D:2      | Found a blossoming altar of Fedhas.
  1463 | D:3      | Noticed Sigmund
  1469 | D:3      | Killed Sigmund
  1469 | D:3      | Reached skill level 1 in Hexes
  1469 | D:3      | Reached skill level 1 in Charms
  1469 | D:3      | Reached skill level 1 in Summonings
  1469 | D:3      | Reached skill level 1 in Necromancy
  1469 | D:3      | Reached skill level 1 in Translocations
  1469 | D:3      | Reached skill level 1 in Transmutations
  1469 | D:3      | Reached skill level 1 in Ice Magic
  1469 | D:3      | Reached skill level 1 in Air Magic
  1469 | D:3      | Reached skill level 1 in Earth Magic
  1469 | D:3      | Reached skill level 1 in Poison Magic
  1469 | D:3      | Reached XP level 5. HP: 25/38 MP: 6/12
  1469 | D:3      | Reached XP level 6. HP: 29/44 MP: 6/13
  1508 | D:3      | Learned a level 4 spell: Sticky Flame
  1629 | D:3      | Found a glowing golden altar of the Shining One.
  2012 | D:3      | Reached * piety under Makhleb
  2053 | D:3      | Found an iron altar of Okawaru.
  2092 | D:3      | Reached skill level 5 in Dodging
  2148 | D:3      | Found a shimmering altar of Xom.
  2608 | D:4      | Reached XP level 7. HP: 48/50 MP: 6/15
  2734 | D:4      | Noticed Grinder
  2762 | D:4      | Killed Grinder
  2762 | D:4      | Reached skill level 5 in Stealth
  3014 | D:4      | Reached XP level 8. HP: 21/57 MP: 1/16
  3033 | D:4      | Reached ** piety under Makhleb
  3356 | D:5      | Entered Level 5 of the Dungeon
  3444 | D:5      | Found a snail-covered altar of Cheibriados.
  3454 | D:5      | Found a runed translucent door.
  3456 | D:5      | Found a runed translucent door.
  3541 | D:5      | Got an ichor-stained short sword
  3542 | D:5      | Identified the +7 short sword "Xeosheuts" {pierce, rF++}
                  | (You found it on level 5 of the Dungeon)
  3869 | D:5      | Noticed Menkaure
  3875 | D:5      | Learned a level 3 spell: Inner Flame
  3892 | D:5      | Killed Menkaure
  4213 | D:5      | Found a staircase to the Ecumenical Temple.
  4301 | D:6      | Reached XP level 9. HP: 55/65 MP: 18/18
  4366 | D:6      | Reached *** piety under Makhleb
  4394 | D:6      | Found a hazy altar of Hepliaklqana.
  4394 | D:6      | Noticed Prince Ribbit
  4403 | D:6      | HP: 3/65 [Prince Ribbit (14)]
  4406 | D:6      | Killed Prince Ribbit
  4492 | D:6      | Found an opulent altar of Gozag.
  4576 | D:6      | Found a sacrificial altar of Ru.
  4910 | D:6      | Found a basalt altar of Yredelemnul.
  5116 | D:7      | Noticed a hornet
  5119 | D:7      | Paralysed by a hornet for 3 turns
  5122 | D:7      | Noticed Joseph
  5124 | D:7      | Killed a hornet
  5127 | D:7      | HP: 3/66 [acid (5)]
  5131 | D:7      | Killed from afar by Joseph

Levels and vault maps discovered:
D:1:      denvon_arrival_planthouse, layout_loops_ring, kennysheep_crisscross
D:2:      wander_river, layout_loops_ring,
          grunt_temple_overflow_order_and_chaos_2, lemuel_crystal_altar,
          minmay_misc_feat_more_columns
D:3:      layout_loops_ring, nicolae_tso_swordbearing_angel,
          overflow_temple_1_default, led_xom_imps, kennysheep_cross_bottleneck,
          uniq_sigmund
D:4:      layout_cave_pools, first_ration, uniq_grinder
D:5:      lemuel_insect_pit, layout_cave_pools, nicolae_overflow_hidden_temple,
          minmay_temple_entry_hall, uniq_menkaure
D:6:      layout_basic, nicolae_ru_sacrificial_ziggurat, lemuel_round_altar,
          marbit_many_paths, grunt_gozag_statues, uniq_prince_ribbit1
D:7:      layout_basic, uniq_joseph, uniq_crazy_yiuf_cottage

Skill      XL: |  1  2  3  4  5  6  7  8  9 |
---------------+----------------------------+-----
Conjurations   | 2 3 4 |  4.2
Spellcasting   | 5 6 |  6.7
Invocations    | 1 2 3 4 |  4.8
Fighting       | 1 2 3 4 |  4.3
Short Blades   | 1 2 3 4 |  4.3
Long Blades    | 1 2 3 4 |  4.3
Axes           | 1 2 3 4 |  4.3
Maces & Flails | 1 2 3 4 |  4.3
Polearms       | 1 2 3 4 |  4.3
Staves         | 1 2 3 4 |  4.3
Slings         | 1 2 3 4 |  4.3
Bows           | 1 2 3 4 |  4.3
Crossbows      | 1 2 3 4 |  4.3
Throwing       | 1 2 3 4 |  4.3
Armour         | 1 2 3 4 |  4.3
Shields        | 1 2 3 4 |  4.3
Unarmed Combat | 1 2 3 4 |  4.3
Evocations     | 1 2 3 4 |  4.3
Hexes          | 1 2 3 |  3.6
Charms         | 1 2 3 |  3.6
Summonings     | 1 2 3 |  3.6
Necromancy     | 1 2 3 |  3.6
Translocations | 1 2 3 |  3.6
Transmutations | 1 2 3 |  3.6
Ice Magic      | 1 2 3 |  3.6
Air Magic      | 1 2 3 |  3.6
Earth Magic    | 1 2 3 |  3.6
Poison Magic   | 1 2 3 |  3.6
Dodging        | 5 6 |  6.4
Stealth        | 5 6 |  6.1
Fire Magic     | 6 |  6.6

Action                   |  1- 3 |  4- 6 |  7- 9 || total
-------------------------+-------+-------+-------++-------
Melee: Unarmed           |     1 |       |       ||     1
       Short sword       |     5 |    67 |    78 ||   150
       Bite              |       |     4 |     4 ||     8
 Cast: Flame Tongue      |    30 |    70 |   130 ||   230
       Throw Flame       |    23 |    17 |    35 ||    75
       Sticky Flame      |       |     1 |    12 ||    13
       Inner Flame       |       |       |     1 ||     1
Invok: Minor Destruction |       |       |    18 ||    18
       Lesser Servant of |       |       |     1 ||     1
  Use: Scroll            |       |       |    10 ||    10
       Potion            |       |       |     4 ||     4
 Stab: Sleeping          |     1 |     2 |     3 ||     6
  Eat: Chunk             |       |     5 |    10 ||    15
Armor: Robe              |     1 |    14 |    11 ||    26
Dodge: Dodged            |    13 |    47 |    80 ||   140
Block: Buckler           |       |     9 |    33 ||    42
